 Dungeon Crawl Stone Soup version 0.31-a0-435-g2c6fae2916 (webtiles) character file.

Game seed: 6816087091050407663

12124 pokeman the Thaumaturge (level 11, -13/63 HPs)
             Began as a Deep Elf Hedge Wizard on Aug 1, 2023.
             Was a Priest of Vehumet.
             Killed from afar by a balrug (28 damage)
             ... with a fireball
             ... on level 2 of the Abyss.
             The game lasted 00:34:21 (12660 turns).

pokeman the Thaumaturge (Deep Elf Hedge Wizard)    Turns: 12660, Time: 00:34:22

Health: -13/63     AC: 15    Str:  7    XL:     11   Next: 58%
Magic:  30/31      EV: 16    Int: 24    God:    Vehumet [***...]
Gold:   862        SH:  0    Dex: 14    Spells: 22/39 levels left

rFire   . . .        C - +1 short sword (venom)
rCold   . . .        (no shield)
rNeg    . . .        B - +0 troll leather armour
rPois   .            o - +0 helmet
rElec   .            H - +2 cloak
rCorr   +            A - +0 pair of gloves
SInv    .            g - +0 pair of boots
Will    +....        (no amulet)
Stlth   ++           s - ring of resist corrosion
HPRegen 1.10/turn    v - +4 ring of protection
MPRegen 0.22/turn

%: no passive effects
@: about to teleport, studying Dodging
A: no striking features
a: Renounce Religion


You were on level 2 of the Abyss.
You worshipped Vehumet.
Vehumet was most pleased with you.
You visited 2 branches of the dungeon, and saw 12 of its levels.
You visited the Abyss 1 time.
You also visited: Bailey.

You collected 1042 gold pieces.
You spent 180 gold pieces at shops.

Inventory:

Hand Weapons
 C - a +1 short sword of venom (weapon)
 G - a +4 quarterstaff of chaos
Missiles
 y - 11 curare-tipped darts
Armour
 g - a +0 pair of boots (worn)
 j - a scarf of shadows
 o - a +0 helmet (worn)
 A - a +0 pair of gloves (worn)
 B - a +0 troll leather armour (worn)
 H - a +2 cloak (worn)
 J - the +1 robe of Vines {NoPotionHeal Regen++++}
   (You found it on level 8 of the Dungeon)

   NoPotionHeal: Its wearer cannot be healed by potions.
   Regen:     It increases your rate of health regeneration.
 L - a +2 robe of resistance
Magical Staves
 O - a staff of poison
Jewellery
 s - a ring of resist corrosion (left hand)
 v - a +4 ring of protection (right hand)
 N - a +4 ring of slaying
Wands
 l - a wand of charming (5)
 u - a wand of flame (43)
 F - a wand of roots (9)
Scrolls
 a - 3 scrolls of teleportation
 c - 3 scrolls of immolation {unknown}
 e - 4 scrolls of torment {unknown}
 f - 2 scrolls of poison {unknown}
 h - 2 scrolls of fog {unknown}
 k - 12 scrolls of identify
 m - 3 scrolls of fear {unknown}
 n - 2 scrolls of amnesia {unknown}
 p - 3 scrolls of enchant armour {unknown}
 t - 2 scrolls of blinking {unknown}
 z - 2 scrolls of vulnerability {unknown}
 K - 3 scrolls of enchant weapon {unknown}
 P - a scroll of noise {unknown}
Potions
 b - a potion of resistance {unknown}
 d - 4 potions of magic
 i - a potion of invisibility
 q - 3 potions of mutation {unknown}
 r - a potion of brilliance {unknown}
 w - 6 potions of curing
 x - 2 potions of enlightenment {unknown}
 D - 2 potions of haste
 E - a potion of attraction {unknown}
 M - 2 potions of might {unknown}
 R - a potion of heal wounds
Miscellaneous
 I - a phantom mirror
 Q - a phial of floods


   Skills:
 - Level 5.0 Fighting
 + Level 3.2 Armour
 + Level 11.3 Dodging
 - Level 3.1 Stealth
 * Level 14.5 Spellcasting
 + Level 9.5 Conjurations
 - Level 1.1 Summonings
 - Level 1.1 Translocations
 + Level 7.7 Fire Magic
 - Level 1.2 Air Magic
 - Level 1.0 Poison Magic
 - Level 1.0 Evocations


You had 22 spell levels left.
You knew the following spells:

 Your Spells              Type           Power      Damage    Failure   Level
a - Magic Dart            Conj           100%       1d8       1%          1
b - Mephitic Cloud        Conj/Pois/Air  36%        N/A       1%          3
c - Call Imp              Summ           44%        N/A       4%          2
d - Blink                 Tloc           44%        N/A       4%          2
e - Foxfire               Conj/Fire      100%       2x1d9     1%          1
f - Flame Wave            Conj/Fire      56%        2d13      1%          4
g - Iskenderun's Mystic   Conj/Tloc      42%        2d10      1%          4

Your spell library contained the following spells:

 Spells                   Type           Power      Damage    Failure   Level
 Poisonous Vapours        Pois/Air       44%        N/A       1%          2
 Scorch                   Fire           100%       2d9       1%          2
 Slow                     Hex            68%        N/A       4%          1
 Cigotuvi's Dreadful Rot  Necr/Pois/Air  42%        N/A       5%          2
 Tukima's Dance           Hex            17%        N/A       14%         3
 Passage of Golubria      Tloc           22%        N/A       30%         4
 Yara's Violent Unravell  Hex/Tmut       8%         3d5       32%         5
 Summon Forest            Summ/Tloc      11%        N/A       65%         5
 Summon Cactus Giant      Summ           11%        N/A       99%         6


Dungeon Overview and Level Annotations

Branches:
Dungeon (11/15)            Temple (1/1) D:7            Lair (0/5) D:11
 Bailey (visited)
    Orc: D:9-12

Altars:
Ashenzari
Cheibriados
Dithmenos
Elyvilon
Fedhas
Gozag
Hepliaklqana
Kikubaaqudgha
Makhleb
Nemelex Xobeh
Okawaru
Qazlal
Ru
Sif Muna
Trog
Uskayaw
Vehumet
Wu Jian
Xom
Yredelemnul
Zin
The Shining One

Shops:
D:7 (   D:10 !

Annotations:
D:8 8-headed Hydra
D:9 2 transporters
D:10 2 transporters, Loot behind rocks, bakla's ghost, novice TrSh


Message History

The gargoyle hurls a stone arrow at you.
The stone arrow hits you!!
Unknown command.
A wave of flame ripples out!
The flame wave engulfs the gargoyle!!
You destroy the gargoyle!
Vehumet accepts your kill.
You feel your power returning.
The flame wave engulfs the polar bear!!
The polar bear is heavily wounded.
The flame wave engulfs the wizard!
The wizard is moderately wounded.
You finish channelling waves of flame.
You hear a croak.
You hear a shout! x4; You hear two shouts!
The wizard gestures at you while chanting.
You resist with some effort.
Unknown command.
Casting: Flame Wave (safe; 1% risk of failure)
Confirm with . or Enter, or press ? or * to list all spells.
You blink.
A bullfrog comes into view.
The boulder beetle bites you!!
The wizard mumbles some strange words.
The wizard blinks!
The wizard points at you and mumbles some strange words.
You are cast into the Abyss!
This branch contains the abyssal rune of Zot.
You feel stable enough to blink again.
You start resting.
A balrug comes into view.
It is wielding a +2 demon whip of electrocution.
The balrug shouts!
You hear a shout!
The balrug gestures at you.
The fireball explodes!
The fireball engulfs you!!!
Ouch! That really hurt!
* * * LOW HITPOINT WARNING * * *
You hear a shout! x4
As you read the scroll of teleportation, it crumbles to dust.
You feel strangely unstable.
You feel the power of the Abyss delaying your translocation!
The balrug gestures at you.
The fireball explodes!
The fireball engulfs you!!
You die...

.. #.# . ..... #
#.#.# #. #.#.# .
####.###.#.####.
#...............
#..@..2......
#.###.#.####.. #
##.....2. .
#.########.. ###


You could see a balrug.

Vanquished Creatures
  A two-headed ogre (D:9)
  An orc knight (Bailey)
  A cyclops (D:9)
  Maurice (D:9)
  2 gargoyles
  A komodo dragon (D:10)
  An efreet (D:9)
  Psyche (D:9)
  3 trolls
  2 hornets (D:9)
  2 wraiths (D:9)
  Sigmund (D:2)
  2 wyverns
  13 yaks
  2 acid dragons
  3 water moccasins
  7 orc warriors
  An ice beast (D:7)
  A black bear (D:5)
  8 centaurs
  A phantom (D:6)
  13 kobold brigands
  2 bullfrogs
  3 scorpions (D:5)
  3 wights (D:10)
  19 killer bees
  5 howler monkeys
  2 electric eels
  2 jellies (D:6)
  2 hounds
  4 orc priests
  Crazy Yiuf (D:7)
  An iguana (D:4)
  4 orc wizards
  Ijyb (D:5)
  A sleepcap (D:6)
  9 adders
  2 shadow imps
  2 white imps
  2 ufetubi
  5 dart slugs
  23 orcs
  3 ball pythons
  6 endoplasms
  3 giant cockroaches
  8 goblins
  10 hobgoblins
  3 jackals (D:2)
  2 quokkas
  4 bats
  5 frilled lizards
  35 kobolds
  2 rats
242 creatures vanquished.

Vanquished Creatures (collateral kills)
  Grinder (D:5)
  2 killer bees
  2 worms
  A kobold (D:3)
6 creatures vanquished.

Vanquished Creatures (others)
  112 foxfires
112 creatures vanquished.

Grand Total: 360 creatures vanquished

Notes
Turn   | Place    | Note
-------+----------+-------------------------------------------
     0 | D:1      | pokeman the Deep Elf Hedge Wizard began the quest for the
                  | Orb.
     0 | D:1      | Reached XP level 1. HP: 10/10 MP: 7/7
   314 | D:1      | Reached XP level 2. HP: 15/15 MP: 2/9
   388 | D:1      | Found a faded altar of an unknown god.
   955 | D:1      | Reached skill level 5 in Spellcasting
  1037 | D:1      | Reached XP level 3. HP: 20/20 MP: 4/11
  1041 | D:1      | Learned a level 3 spell: Mephitic Cloud
  1044 | D:1      | Learned a level 2 spell: Call Imp
  1047 | D:1      | Learned a level 2 spell: Blink
  1431 | D:2      | Reached skill level 1 in Armour
  1538 | D:2      | Reached skill level 1 in Fighting
  1609 | D:2      | Noticed Sigmund
  1836 | D:2      | Killed Sigmund
  1837 | D:2      | Reached XP level 4. HP: 4/25 MP: 2/13
  1837 | D:2      | Reached XP level 5. HP: 5/29 MP: 2/14
  2561 | D:2      | Reached skill level 5 in Conjurations
  2789 | D:3      | Found a glowing silver altar of Zin.
  3019 | D:3      | Noticed a centaur
  3167 | D:3      | Killed a centaur
  3168 | D:3      | Reached XP level 6. HP: 18/34 MP: 7/16
  3425 | D:3      | Reached skill level 6 in Spellcasting
  4554 | D:4      | Learned a level 4 spell: Flame Wave
  4716 | D:4      | Reached skill level 1 in Poison Magic
  4871 | D:5      | Entered Level 5 of the Dungeon
  4871 | D:5      | Noticed a water moccasin
  4882 | D:5      | Killed a water moccasin
  4883 | D:5      | Reached skill level 1 in Fire Magic
  4883 | D:5      | Reached skill level 1 in Air Magic
  4883 | D:5      | Reached XP level 7. HP: 35/38 MP: 7/19
  5128 | D:5      | Noticed Ijyb
  5141 | D:5      | Killed Ijyb
  5142 | D:5      | Reached skill level 7 in Spellcasting
  5237 | D:5      | Noticed Grinder
  5701 | D:5      | Reached skill level 8 in Spellcasting
  5876 | D:5      | Killed Grinder
  5877 | D:5      | Reached skill level 1 in Evocations
  5877 | D:5      | Reached XP level 8. HP: 43/44 MP: 15/22
  6240 | D:6      | Reached skill level 9 in Spellcasting
  6727 | D:6      | Noticed a troll
  6739 | D:6      | Killed a troll
  6740 | D:6      | Reached skill level 5 in Dodging
  6740 | D:6      | Reached XP level 9. HP: 42/48 MP: 3/24
  6772 | D:6      | Reached skill level 10 in Spellcasting
  7853 | D:7      | Found Moerch's Antique Weapon Emporium.
  7881 | D:7      | Found a runed translucent door.
  7882 | D:7      | Noticed Crazy Yiuf
  7898 | D:7      | Found a staircase to the Ecumenical Temple.
  7906 | Temple   | Entered the Ecumenical Temple
  7938 | Temple   | Became a worshipper of Vehumet
  8356 | D:7      | Killed Crazy Yiuf
  8492 | D:8      | Found a flagged portal.
  8521 | Bailey   | Entered a bailey
  8649 | Bailey   | Reached skill level 5 in Fire Magic
  8656 | Bailey   | Reached skill level 11 in Spellcasting
  8690 | Bailey   | Identified the +1 scale mail of Sehiett {rPois Str-3
                  | Stlth+}
  8700 | Bailey   | Noticed an orc knight
  8742 | Bailey   | Killed an orc knight
  8742 | Bailey   | Reached * piety under Vehumet
  8742 | Bailey   | Offered knowledge of Shock by Vehumet.
  8747 | Bailey   | Reached XP level 10. HP: 25/56 MP: 6/27
  8879 | Bailey   | Found a bloodstained altar of Trog.
  8933 | D:8      | Found the +1 robe of Vines {NoPotionHeal Regen++++}
  8934 | D:8      | Noticed an eight-headed hydra
  9146 | D:8      | Reached skill level 12 in Spellcasting
  9579 | D:8      | Found a hide-covered altar of Uskayaw.
  9823 | D:9      | Noticed Maurice
  9833 | D:9      | Noticed Psyche
  9850 | D:9      | Killed Psyche
  9852 | D:9      | Killed Maurice
  9954 | D:9      | Found a transporter.
  9993 | D:9      | Noticed a two-headed ogre
 10048 | D:9      | Offered knowledge of Foxfire by Vehumet.
 10051 | D:9      | Learned a level 1 spell: Foxfire
 10117 | D:9      | Found a transporter.
 10163 | D:9      | Noticed a two-headed ogre
 10173 | D:9      | Killed a two-headed ogre
 10173 | D:9      | Reached ** piety under Vehumet
 10174 | D:9      | Reached skill level 13 in Spellcasting
 10307 | D:9      | Reached skill level 10 in Dodging
 10307 | D:9      | Reached XP level 11. HP: 55/62 MP: 18/30
 10319 | D:9      | Noticed a green ugly thing
 10487 | D:9      | HP: 1/62 [cyclops/large rock (34)]
 10940 | D:9      | Offered knowledge of Poisonous Vapours by Vehumet.
 11201 | D:9      | Got the Anthology of the Escort and Portals
 11207 | D:9      | Learned a level 4 spell: Iskenderun's Mystic Blast
 11531 | D:10     | Entered Level 10 of the Dungeon
 11574 | D:10     | Reached skill level 14 in Spellcasting
 11688 | D:10     | Found Ugotaho's Distillery.
 11701 | D:10     | Bought a potion of heal wounds for 50 gold pieces
 11701 | D:10     | Bought a potion of curing for 30 gold pieces
 11701 | D:10     | Bought a potion of haste for 100 gold pieces
 11802 | D:10     | Found a transporter.
 11812 | D:10     | Noticed a seven-headed hydra
 11813 | D:10     | Noticed bakla's ghost (novice TrSh)
 11832 | D:10     | Found a transporter.
 11851 | D:10     | Reached skill level 5 in Fighting
 12525 | D:11     | Reached *** piety under Vehumet
 12528 | D:11     | Noticed a wizard
 12582 | D:11     | Noticed a two-headed ogre
 12631 | D:11     | Noticed a boulder beetle
 12636 | Abyss:2  | Cast into level 2 of the Abyss (a wizard)
 12655 | Abyss:2  | Noticed a balrug
 12660 | Abyss:2  | Killed from afar by a balrug

Illustrated notes

Levels and vault maps discovered:
D:1:      spicycebolla_arrival_clurvy, layout_basic,
          shapermc_ecumenical_altar_starsandcircs, dreamdust_wishing_well
D:2:      layout_basic, uniq_sigmund
D:3:      layout_basic, mainiacjoe_overflow_boulevard, serial_aquarium,
          aquarium_bridge_long_separate [aquarium_subvault_wall,
          aquarium_subvault_bridge, aquarium_subvault_bridge,
          aquarium_subvault_bridge, aquarium_subvault_wall,
          aquarium_subvault_bridge], aquarium_bridge_square
          [aquarium_subvault_wall, aquarium_subvault_bridge,
          aquarium_subvault_wall, aquarium_subvault_window], aquarium_window_3,
          aquarium_window_fake, aquarium_window_1, aquarium_view_2e,
          aquarium_view_2e, aquarium_balcony_1b, aquarium_pool_double
D:4:      layout_gridville
D:5:      layout_loops_ring, kennysheep_small_square, uniq_ijyb, uniq_grinder
D:6:      layout_basic, minmay_manual_mares
D:7:      layout_cave_pools, minmay_temple_entry_junction, serial_shops,
          nicolae_shop_scrapyard, uniq_crazy_yiuf_cottage
D:8:      layout_basic, mainiacjoe_overflow_24_doors, enter_bailey_4,
          kennysheep_cross_bottleneck, hellmonk_guarded_unrand_vines
D:9:      gammafunk_the_bubble [the_bubble_gammafunk_grid], layout_basic,
          minmay_pinched_square, uniq_psyche, uniq_maurice
D:10:     layout_loops_ring, gammafunk_ghost_berserking_beasts, serial_shops,
          shop, due_unseen_surprise
D:11:     gammafunk_indiana_jones, layout_basic, grunt_lair_entry_orc_guard_hut,
          serial_ice, serial_ice_n, serial_ice_l, serial_ice_h, serial_ice_g,
          portal_ice_cave_rime
Temple:   mainiacjoe_temple_cubbyholes
Abyss:2:  base: IceCv, base:
D:2

Skill      XL: |  1  2  3  4  5  6  7  8  9 10 11 |
---------------+----------------------------------+-----
Spellcasting   | 5 6 8 9 11 13 14 | 14.5
Armour         | 1 2 3 |  3.2
Fighting       | 1 2 3 4 5 |  5.0
Conjurations   | 4 5 6 7 8 9 |  9.5
Dodging        | 3 5 7 10 11 | 11.3
Stealth        | 3 |  3.1
Poison Magic   | 1 |  1.0
Fire Magic     | 1 2 4 5 6 7 |  7.7
Air Magic      | 1 |  1.2
Evocations     | 1 |  1.0
Summonings     | |  1.1
Translocations | |  1.1

Action                     |  1- 3 |  4- 6 |  7- 9 | 10-12 || total
---------------------------+-------+-------+-------+-------++-------
  Melee: Dagger            |     6 |    15 |       |       ||    21
         Punch             |     1 |       |     1 |     2 ||     4
         Short sword       |       |       |   135 |   140 ||   275
   Cast: Magic Dart        |    96 |    94 |   109 |    18 ||   317
         Mephitic Cloud    |     3 |     4 |    32 |    35 ||    74
         Call Imp          |     2 |     2 |     5 |       ||     9
         Blink             |       |       |     2 |     2 ||     4
         Flame Wave        |       |       |    13 |    20 ||    33
         Foxfire           |       |       |       |    64 ||    64
         Iskenderun's Myst |       |       |       |    14 ||    14
    Use: Potion            |       |       |     2 |       ||     2
         Scroll            |       |       |       |     4 ||     4
   Stab: Confused          |     1 |     4 |    11 |    20 ||    36
         Sleeping          |       |       |     1 |       ||     1
 Armour: Robe              |     4 |    13 |    30 |       ||    47
         Troll leather arm |       |       |    10 |    67 ||    77
  Dodge: Dodged            |    22 |    23 |   125 |   148 ||   318

Table legend: (Time is in decaauts)
 A = Elapsed time spent in this place.
 B = Non-inter-level travel time spent in this place.
 C = Inter-level travel time spent in this place.
 D = Time resting spent in this place.
 E = Time spent auto-exploring this place.
 F = Levels seen in this place.
 G = Mean time per level.
                   A        B        C        D        E       F      G
               +--------+--------+--------+--------+--------+-----+--------+
         Total |  12706 |  12172 |    534 |    457 |   9445 |  14 |  907.6 |
       Dungeon |  12216 |  11735 |    481 |    441 |   9227 |  11 | 1110.5 |
        Temple |     62 |      9 |     53 |      0 |      0 |   1 |   62.0 |
         Abyss |     23 |     23 |      0 |     16 |      0 |   1 |   23.0 |
        Bailey |    404 |    404 |      0 |      0 |    217 |   1 |  404.0 |
               +--------+--------+--------+--------+--------+-----+--------+

Top non-repeatable levels by time:
     D:9: 1569 daAuts
     D:6: 1495 daAuts
     D:2: 1480 daAuts
     D:1: 1303 daAuts
     D:8: 1142 daAuts
     D:5: 1113 daAuts
     D:3: 1075 daAuts
    D:10: 1063 daAuts
     D:4: 1009 daAuts
     D:7: 919 daAuts
  Bailey: 404 daAuts
  Temple: 62 daAuts
    D:11: 42 daAuts
 Abyss:2: 23 daAuts
